 Dungeon Crawl Stone Soup version 0.20.1-1-g8b1a95d (webtiles) character file.

10894 slacker the Bludgeoner (level 11, -4/60 HPs)
             Began as a Gargoyle Berserker on July 26, 2017.
             Was an Elder of Trog.
             Slain by a cyclops (18 damage)
             ... on level 10 of the Dungeon.
             The game lasted 00:34:38 (8384 turns).

slacker the Bludgeoner (Gargoyle Berserker)         Turns: 8384, Time: 00:34:39

Health: -4/60      AC: 23    Str: 21    XL:     11   Next: 69%
Magic:  0/20       EV: 10    Int:  8    God:    Trog [****..]
Gold:   329        SH:  5    Dex: 12    Spells: 10/10 levels left

rFire    . . .     SeeInvis .   a - +5 morningstar
rCold    . . .     Gourm    .   z - +0 buckler
rNeg     + . .     Faith    .   y - +6 scale mail "Kugedas" {MR+ Stlth+}
rPois    ∞         Spirit   +   (no helmet)
rElec    +         Reflect  .   H - +1 cloak {MR+}
rCorr    .         Harm     .   (no gloves)
MR       ++++.                  B - +0 pair of boots
Stlth    +.........             o - amulet of guardian spirit
Regen    1.2/turn               I - ring of magical power
MPRegen  0.2/turn               S - +4 ring of slaying

@: berserk cooldown, regenerating, slowed, very slow
A: negative energy resistance 1, electricity resistance, unbreathing,
petrification resistance, rot immunity, AC +7
a: Berserk, Trog's Hand, Brothers in Arms, Burn Spellbooks, Renounce Religion


You were on level 10 of the Dungeon.
You worshipped Trog.
Trog was greatly pleased with you.
You were very hungry.

You visited 1 branch of the dungeon, and saw 10 of its levels.

You collected 371 gold pieces.
You spent 42 gold pieces at shops.

Inventory:

Hand Weapons
 a - a +5 morningstar (weapon)
 b - a +0 blowgun
 P - a +4 flail
Missiles
 p - 16 poisoned needles
 s - 8 needles of paralysis
Armour
 y - the +6 scale mail "Kugedas" (worn) {MR+ Stlth+}
   (You found it on level 4 of the Dungeon)

   It affects your resistance to hostile enchantments.
   It makes you more stealthy.
 z - a +0 buckler (worn)
 B - a +0 pair of boots (worn)
 H - a +1 cloak of magic resistance (worn)
Jewellery
 o - an amulet of guardian spirit (around neck)
 I - a ring of magical power (left hand)
 M - an uncursed ring of resist corrosion
 S - a +4 ring of slaying (right hand)
Wands
 v - a wand of confusion (18/48)
 x - a wand of acid (7/15)
 G - a wand of flame (20/48)
 L - a wand of enslavement (8/24)
 Q - a wand of paralysis (7/24)
 R - a wand of polymorph (5/24)
 T - a wand of disintegration (9/24)
Scrolls
 e - a scroll of random uselessness {unknown}
 f - 3 scrolls of remove curse
 l - 2 scrolls of recharging {unknown}
 m - 2 scrolls of enchant armour {unknown}
 n - 5 scrolls of teleportation
 u - 2 scrolls of magic mapping
 D - a scroll of immolation {unknown}
 F - a scroll of enchant weapon {unknown}
 J - a scroll of fear {unknown}
 N - a scroll of torment {unknown}
Potions
 d - a potion of resistance
 h - 4 potions of lignification
 i - 2 potions of curing
 j - 2 potions of brilliance {unknown}
 k - a potion of magic {unknown}
 q - 2 potions of heal wounds {unknown}
 r - 2 potions of ambrosia
 t - a potion of agility
 w - 2 potions of might {unknown}
 A - a potion of haste {unknown}
 E - a potion of mutation {unknown}
 K - a potion of flight {unknown}
Comestibles
 c - 5 bread rations
 g - 16 fruits
 C - 3 meat rations
 O - a chunk of flesh


   Skills:
 + Level 3.2 Fighting
 - Level 16.6 Maces & Flails
 + Level 2.1 Armour
 + Level 1.5 Dodging
 - Level 1.0 Stealth
 - Level 5.0 Shields


You had 10 spell levels left.
You didn't know any spells.

Dungeon Overview and Level Annotations

Branches:
Dungeon (10/15)            Temple (0/1) D:4            Lair (0/6) D:8
    Orc (0/2) D:10

Altars:
Cheibriados
Fedhas
Hepliaklqana
Nemelex Xobeh
Ru
Sif Muna
Trog
Uskayaw
Vehumet
Xom
The Shining One

Shops:
D:7 =   D:10 *


Innate Abilities, Weirdness & Mutations

You are resistant to torment.
Your stone body is resilient. (AC +7)
You are immune to poison.
You resist negative energy. (rN+)
You are resistant to electric shocks. (rElec)
You can survive without breathing.
You are immune to petrification.
You are immune to rotting.


Message History

You feel a strong urge to attack something.
The cyclops throws a large rock.
The large rock hits you!
You see here a large rock.
You feel your anger subside.
You are no longer berserk.
You are exhausted.
You feel yourself slow down.
The cyclops throws a large rock.
The large rock hits you!!!
* * * LOW HITPOINT WARNING * * *
You see here a large rock.
The cyclops throws a large rock.
The large rock hits you!
* * * LOW HITPOINT WARNING * * *
You see here a large rock.
You block the cyclops's attack.
You hit the cyclops.
The cyclops is lightly wounded.
The cyclops hits you but does no damage.
You hit the cyclops but do no damage.
The cyclops is lightly wounded.
The cyclops hits you!!
You die...

.# #........ .#
#.......... >#
#.........# .#
#>........#
.########.....(...#
..................#
.########.........# .#
#)........#####. .#
#..((.((@....... .#
#........C...... .#
#[.............. .#
#............... .#
#....$..........
.########...............
..........$.............
########################


You could see a cyclops.

Vanquished Creatures
  Erolcha (D:9)
  Erica (D:9)
  3 two-headed ogres
  Pikel (D:8)
  Joseph (D:9)
  A troll (D:10)
  Grinder (D:4)
  Sigmund (D:3)
  5 yaks (D:9)
  The ghost of polve the Slasher, an amateur DsAK of Lugonu (D:4)
  A water moccasin (D:6)
  4 orc warriors
  3 ice beasts
  A slave (D:8)
  A necrophage (D:10)
  6 sky beasts
  9 centaurs
  3 ogres
  2 big kobolds
  4 bullfrogs
  A gnoll sergeant (D:10)
  2 scorpions (D:8)
  6 killer bees (D:9)
  The ghost of Agrougrou the Skirmisher, a weakling DsFi (D:3)
  13 wights
  A howler monkey (D:9)
  2 crimson imps
  3 bullfrog zombies
  2 quasits (D:8)
  A centaur zombie (D:4)
  4 jellies
  5 orc priests
  2 hounds
  17 orc wizards
  A bullfrog skeleton (D:5)
  An iron imp (D:8)
  Jessica (D:2)
  2 iguanas
  9 worker ants
  A worker ant zombie (D:10)
  5 gnolls
  11 adders
  4 shadow imps
  An adder skeleton (D:8)
  An adder zombie (D:9)
  3 worms (D:2)
  3 dart slugs
  3 leopard geckos
  37 orcs
  2 ball pythons
  8 giant cockroaches
  7 goblins
  3 hobgoblins
  5 jackals
  12 kobolds
  4 quokkas
  9 bats
  4 frilled lizards
  A leopard gecko zombie (D:7)
  6 rats
254 creatures vanquished.

Vanquished Creatures (others)
  A slave (D:8)
  A water moccasin skeleton (D:8)
  A bush (D:6)
3 creatures vanquished.

Grand Total: 257 creatures vanquished

Notes
Turn   | Place    | Note
-------+----------+-------------------------------------------
     0 | D:1      | slacker the Gargoyle Berserker began the quest for the Orb.
     0 | D:1      | Reached XP level 1. HP: 14/14 MP: 1/1
   156 | D:1      | Reached XP level 2. HP: 19/19 MP: 2/2
   358 | D:1      | Reached skill level 4 in Maces & Flails
   409 | D:1      | Reached XP level 3. HP: 21/23 MP: 3/3
   411 | D:1      | Reached ** piety under Trog
   857 | D:2      | Noticed Jessica
   862 | D:2      | Killed Jessica
   862 | D:2      | Reached XP level 4. HP: 28/28 MP: 4/4
   865 | D:2      | Reached skill level 5 in Maces & Flails
  1525 | D:2      | Found a bloodstained altar of Trog.
  1695 | D:3      | Reached skill level 1 in Stealth
  1695 | D:3      | Reached XP level 5. HP: 25/32 MP: 5/5
  1732 | D:3      | Noticed Agrougrou's ghost (weakling DsFi)
  1744 | D:3      | Killed Agrougrou's ghost
  1837 | D:3      | Reached skill level 6 in Maces & Flails
  2133 | D:3      | Noticed Sigmund
  2146 | D:3      | Killed Sigmund
  2146 | D:3      | Reached skill level 7 in Maces & Flails
  2146 | D:3      | Reached XP level 6. HP: 37/37 MP: 6/6
  2423 | D:4      | Found a blossoming altar of Fedhas.
  2464 | D:4      | Reached XP level 7. HP: 28/41 MP: 7/7
  2565 | D:4      | Noticed polve's ghost (amateur DsAK)
  2573 | D:4      | Killed polve's ghost
  2573 | D:4      | Reached skill level 8 in Maces & Flails
  2596 | D:4      | Noticed Grinder
  2604 | D:4      | Paralysed by Grinder for 7 turns
  2623 | D:4      | Killed Grinder
  2623 | D:4      | Reached skill level 9 in Maces & Flails
  2623 | D:4      | Reached XP level 8. HP: 46/46 MP: 8/8
  2845 | D:4      | Got a pitted scale mail
  2868 | D:4      | Identified the +6 scale mail "Kugedas" {MR+ Stlth+} (You found it on level 4 of the Dungeon)
  2888 | D:4      | Found a staircase to the Ecumenical Temple.
  3146 | D:5      | Entered Level 5 of the Dungeon
  3223 | D:5      | Reached skill level 10 in Maces & Flails
  3261 | D:5      | Found a radiant altar of Vehumet.
  3263 | D:5      | Found a basalt altar of Yredelemnul.
  3263 | D:5      | Found a glowing golden altar of the Shining One.
  3265 | D:5      | Found a sparkling altar of Nemelex Xobeh.
  3265 | D:5      | Found a bloodstained altar of Trog.
  3265 | D:5      | Found a shimmering altar of Xom.
  3326 | D:5      | Reached *** piety under Trog
  3643 | D:5      | Reached skill level 11 in Maces & Flails
  3946 | D:6      | Reached XP level 9. HP: 36/51 MP: 5/9
  4207 | D:6      | Reached skill level 12 in Maces & Flails
  4963 | D:7      | Found Koghoyt's Jewellery Shop.
  5295 | D:7      | Reached skill level 13 in Maces & Flails
  5644 | D:7      | Reached XP level 10. HP: 46/56 MP: 8/10
  5806 | D:7      | Found a sacrificial altar of Ru.
  5806 | D:7      | Found a deep blue altar of Sif Muna.
  5807 | D:7      | Found a hide-covered altar of Uskayaw.
  6133 | D:8      | Found a snail-covered altar of Cheibriados.
  6173 | D:8      | Noticed Pikel
  6187 | D:8      | Killed Pikel
  6187 | D:8      | Reached skill level 14 in Maces & Flails
  6375 | D:8      | Found a staircase to the Lair.
  6479 | D:8      | Noticed a two-headed ogre
  6486 | D:8      | Killed a two-headed ogre
  7002 | D:9      | Reached skill level 15 in Maces & Flails
  7027 | D:9      | Reached **** piety under Trog
  7095 | D:9      | Noticed Joseph
  7111 | D:9      | Killed Joseph
  7410 | D:9      | Reached XP level 11. HP: 50/60 MP: 11/11
  7601 | D:9      | Noticed a two-headed ogre
  7607 | D:9      | Noticed Erica
  7611 | D:9      | Killed a two-headed ogre
  7611 | D:9      | Reached skill level 16 in Maces & Flails
  7618 | D:9      | Killed Erica
  7671 | D:9      | Noticed Erolcha
  7683 | D:9      | Killed Erolcha
  7683 | D:9      | Received a gift from Trog
  7837 | D:9      | Found a hazy altar of Hepliaklqana.
  8051 | D:10     | Entered Level 10 of the Dungeon
  8065 | D:10     | Reached skill level 1 in Shields
  8187 | D:10     | Found Wachioc's General Store.
  8204 | D:10     | Bought a scroll of teleportation for 42 gold pieces
  8365 | D:10     | Found a staircase to the Orcish Mines.
  8365 | D:10     | Noticed a two-headed ogre
  8372 | D:10     | Killed a two-headed ogre
  8372 | D:10     | Reached skill level 5 in Shields
  8374 | D:10     | Noticed a cyclops
  8384 | D:10     | Slain by a cyclops

Skill      XL: |  1  2  3  4  5  6  7  8  9 10 11 |
---------------+----------------------------------+-----
Maces & Flails | 4 5 7 9 11 13 15 16 | 16.6
Stealth        | 1 |  1.0
Shields        | 5 |  5.0
Fighting       | |  3.2
Armour         | |  2.1
Dodging        | |  1.5

Action                   |  1- 3 |  4- 6 |  7- 9 | 10-12 || total
-------------------------+-------+-------+-------+-------++-------
Melee: Mace              |   130 |   179 |   413 |       ||   722
       Morningstar       |       |       |       |   310 ||   310
 Fire: Blowgun           |       |     3 |     8 |       ||    11
Invok: Berserk           |     1 |     2 |    10 |    10 ||    23
       Trog's Hand       |     1 |     2 |    10 |    10 ||    23
  Use: Scroll            |       |       |     6 |     3 ||     9
 Stab: Sleeping          |       |       |       |     1 ||     1
  Eat: Chunk             |       |     2 |    13 |    17 ||    32
       Bread ration      |       |     2 |       |       ||     2
       Fruit             |       |     1 |       |       ||     1
       Royal jelly       |       |       |     3 |       ||     3
       Meat ration       |       |       |     1 |       ||     1
Armor: Leather armour    |    87 |    34 |       |       ||   121
       Animal skin       |     1 |       |       |       ||     1
       Plate armour      |       |    53 |    58 |       ||   111
       Scale mail        |       |       |   191 |   192 ||   383
Dodge: Dodged            |    99 |    80 |   167 |   128 ||   474
Block: Buckler           |       |       |    36 |    31 ||    67
